 Dungeon Crawl Stone Soup version 0.26-a0-30-g56b8cd3df0 (webtiles) character file.

Game seed: 6262131589601146196, levelgen mode: deterministic

656 vurker the Stinger (level 7, 0/61 HPs)
             Began as a Naga Venom Mage on May 31, 2020.
             Slain by an ice beast (6 damage)
             ... on level 4 of the Dungeon.
             The game lasted 00:09:56 (5455 turns).

vurker the Stinger (Naga Venom Mage)                Turns: 5455, Time: 00:09:57

Health: 0/61       AC:  9    Str:  7    XL:     7   Next: 55%
Magic:  14/22      EV: 10    Int: 17    God:
Gold:   207        SH:  0    Dex: 17    Spells: 1/14 levels left

rFire    . . .     SeeInvis +   j - +1 short sword (drain)
rCold    . . .     Gourm    .   (no shield)
rNeg     . . .     Faith    .   a - +0 robe
rPois    +         Spirit   .   q - +0 helmet "Rucinlem" {Str-4 Dex+6}
rElec    .         Reflect  .   k - +0 cloak
rCorr    .         Harm     .   (no gloves)
MR       .....                  (no barding)
Stlth    ++........             (no amulet)
HPRegen  0.20/turn              w - +4 ring of protection
MPRegen  0.18/turn              i - ring of magical power

@: lethally poisoned (0 -> -1), very slow
A: large, see invisible, deformed body, poison resistance, slowness 2, slow
metabolism 1, spit poison 1, AC +2
a: Spit Poison


You were on level 4 of the Dungeon.
You were hungry.

You visited 1 branch of the dungeon, and saw 5 of its levels.

You collected 207 gold pieces.

Inventory:

Hand Weapons
 j - a +1 short sword of draining (weapon)
   (You took it off a kobold on level 1 of the Dungeon)
Armour
 a - a +0 robe (worn)
 k - a +0 cloak (worn)
   (You found it on level 1 of the Dungeon)
 q - the +0 helmet "Rucinlem" (worn) {Str-4 Dex+6}
   (You took it off Robin on level 2 of the Dungeon)

   It affects your strength (-4).
   It affects your dexterity (+6).
Jewellery
 i - a ring of magical power (right hand)
   (You found it on level 1 of the Dungeon)
 w - a +4 ring of protection (left hand)
   (You found it on level 3 of the Dungeon)
Wands
 c - a wand of disintegration (9)
   (You took it off Ijyb on level 3 of the Dungeon)
 t - a wand of flame (13)
   (You took it off Natasha on level 2 of the Dungeon)
 u - a wand of paralysis (10)
   (You found it on level 4 of the Dungeon)
 x - a wand of acid (7)
   (You found it on level 4 of the Dungeon)
Scrolls
 f - a scroll of teleportation {unknown}
 g - 3 scrolls of remove curse
 h - a scroll of fear {unknown}
 l - a scroll of immolation {unknown}
 n - a scroll of enchant armour {unknown}
 p - a scroll of amnesia {unknown}
 y - a scroll of blinking {unknown}
 z - a scroll of noise {unknown}
Potions
 b - a potion of haste {unknown}
 d - a potion of curing
 m - 2 potions of lignification
 o - 2 potions of flight
 r - 2 potions of mutation
 s - a potion of cancellation {unknown}
 v - a potion of berserk rage {unknown}
 B - 2 potions of heal wounds {unknown}
Comestibles
 e - 6 rations


   Skills:
 + Level 2.7 Fighting
 - Level 1.5 Dodging
 - Level 3.0 Stealth
 * Level 4.4 Spellcasting
 + Level 2.3 Conjurations
 - Level 1.0 Transmutations
 * Level 0.9 Fire Magic
 - Level 2.0 Air Magic
 * Level 7.0 Poison Magic


You had one spell level left.
You knew the following spells:

 Your Spells              Type           Power        Failure   Level  Hunger
a - Sting                 Tmut/Pois      ###.         3%          1    None
b - Mephitic Cloud        Conj/Pois/Air  ###.....     10%         3    ###....
c - Poisonous Vapours     Pois/Air       ###...       3%          2    ##.....
q - Olgreb's Toxic Radia  Pois           ####....     9%          4    ####...
w - Ignite Poison         Fire/Tmut/Pois ##......     13%         3    ###....

Your spell library contained the following spells:

 Spells                   Type           Power        Failure   Level  Hunger


Dungeon Overview and Level Annotations

Branches:
Dungeon (5/15)
 Temple: D:4-7

Altars:
Gozag
Kikubaaqudgha
Qazlal
Ru


Innate Abilities, Weirdness & Mutations

You cannot wear boots.
Your serpentine skin is tough. (AC +2)
You have supernaturally acute eyesight. (SInv)
Armour fits poorly on your strangely shaped body.
Your system is resistant to poisons. (rPois)
You cover ground very slowly.
You have a slow metabolism.
You can spit poison.


Message History

You kill the gnoll!
You feel sick.
You hit the gnoll.
You feel sick. The gnoll barely misses you.
You hit the gnoll but do no damage. You drain the gnoll.
You feel sick. The gnoll barely misses you.
You barely miss the gnoll.
You feel sick. The gnoll hits you but does no damage.
You hit the gnoll. You drain the gnoll.
You feel sick. The gnoll hits you but does no damage.
Aim: a gnoll, wielding a +0 flail (almost dead, heavily drained)
The sting hits the gnoll.
The gnoll is poisoned.
You kill the gnoll!
You feel sick.
The phantom blinks!
You closely miss the gnoll.
You feel sick. The gnoll hits you with a +0 flail.
You hit the gnoll.
You feel sick. The gnoll hits you with a +0 flail.
You barely miss the gnoll.
You feel sick. The gnoll hits you with a +0 flail!
* * * LOW HITPOINT WARNING * * *
You hit the gnoll. You drain the gnoll.
You feel sick. The gnoll misses you.
Aim: a gnoll, wielding a +0 flail (almost dead, heavily drained)
The sting hits the gnoll.
The gnoll is poisoned.
You kill the gnoll!
You feel sick.
You feel sick.
A crimson imp comes into view.
Items here: ))) ††† The crimson imp shouts!
The crimson imp blinks!
You feel sick.
The crimson imp blinks!
The phantom blinks!
An ice beast comes into view.
You feel sick.
You feel sick.
There is a stone staircase leading up here.
The ice beast misses you.
You climb upwards.
You feel sick.
There is a stone staircase leading down here.
The ball explodes into a vile cloud!
The stinking cloud engulfs the ice beast but does no damage.
The ice beast hits you.
* * * LOW HITPOINT WARNING * * *
The ice beast freezes you!
* * * LOW HITPOINT WARNING * * *
You feel sick.
The ice beast hits you but does no damage.
You are feeling hungry.
You ignite the poison in your surroundings!
The ice beast is engulfed in blazing flames.
The ice beast hits you.
* * * LOW HITPOINT WARNING * * *
The ice beast freezes you.
You die...

#.# ####....#.#.. #.#
#.......#.#.# #.#
#.##....#.#.#
##.#####.##.........
#...........#..#.#.#
#....[......####.#.#
#...○§......)..#.#..
#..(○☼.......###.###
##..@Y☼.......###....
#.....>......##.#####
#...........##.......
#...........##.......
#[..........#........
#.########.#.........
#####.# #.#.........
##.....##
#.#.........
##.......##
###...........


You could see an ice beast.

Vanquished Creatures
  Blork the orc (D:4)
  A scorpion (D:4)
  A hound (D:5)
  A centaur skeleton (D:5)
  An orc priest (D:3)
  Terence (D:2)
  Ijyb (D:3)
  Natasha (thrice) (D:2)
  3 orc wizards (D:3)
  A worker ant (D:4)
  A hound skeleton (D:4)
  A worker ant zombie (D:5)
  Robin (D:2)
  4 gnolls
  6 adders
  An ooze (D:1)
  2 worms (D:3)
  3 dart slugs
  A leopard gecko (D:4)
  9 orcs
  8 bats
  3 giant cockroaches
  16 goblins
  6 hobgoblins
  5 kobolds
  4 quokkas
  A ball python (D:1)
  4 frilled lizards
  A jackal skeleton (D:5)
  A jackal zombie (D:5)
  A quokka skeleton (D:5)
  2 rats
95 creatures vanquished.

Vanquished Creatures (others)
  3 plants (D:5)
3 creatures vanquished.

Grand Total: 98 creatures vanquished

Notes
Turn   | Place    | Note
-------+----------+-------------------------------------------
     0 | D:1      | vurker the Naga Venom Mage began the quest for the Orb.
     0 | D:1      | Reached XP level 1. HP: 15/15 MP: 3/3
   148 | D:1      | Reached XP level 2. HP: 23/24 MP: 3/5
   884 | D:1      | Reached XP level 3. HP: 30/30 MP: 4/6
  1064 | D:1      | Reached skill level 1 in Fighting
  1407 | D:1      | Learned a level 3 spell: Mephitic Cloud
  1410 | D:1      | Learned a level 2 spell: Poisonous Vapours
  1617 | D:2      | Found an ancient bone altar of Kikubaaqudgha.
  1707 | D:2      | Noticed Natasha
  1724 | D:2      | Killed Natasha
  1724 | D:2      | Reached skill level 5 in Poison Magic
  1724 | D:2      | Reached XP level 4. HP: 12/38 MP: 3/8
  2068 | D:2      | Noticed Terence
  2077 | D:2      | Killed Terence
  2176 | D:2      | Found a stormy altar of Qazlal.
  2181 | D:2      | Reached skill level 1 in Air Magic
  2188 | D:2      | Identified the +0 helmet "Rucinlem" {Str-4 Dex+6}
  2188 | D:2      | Noticed Robin
  2214 | D:2      | Killed Robin
  2214 | D:2      | Reached XP level 5. HP: 13/44 MP: 2/9
  2483 | D:2      | Noticed Natasha
  2492 | D:2      | Killed Natasha
  2492 | D:2      | Reached skill level 1 in Conjurations
  2735 | D:2      | Noticed Natasha
  2742 | D:2      | Killed Natasha
  3278 | D:3      | Learned a level 4 spell: Olgreb's Toxic Radiance
  3457 | D:3      | Noticed Ijyb
  3473 | D:3      | Killed Ijyb
  3473 | D:3      | Reached XP level 6. HP: 46/52 MP: 4/11
  3669 | D:3      | Reached skill level 6 in Poison Magic
  4669 | D:4      | Found a sacrificial altar of Ru.
  4778 | D:4      | Noticed Blork the orc
  4786 | D:4      | Killed Blork the orc
  4786 | D:4      | Reached XP level 7. HP: 61/61 MP: 12/13
  4857 | D:4      | Got an encrusted arbalest
  4860 | D:4      | Identified the cursed +0 arbalest of Rossyija {flame, Str+5
                  | Dex+4} (You found it on level 4 of the Dungeon)
  4996 | D:4      | Found an opulent altar of Gozag.
  5128 | D:5      | Entered Level 5 of the Dungeon
  5133 | D:5      | Learned a level 3 spell: Ignite Poison
  5428 | D:5      | Reached skill level 7 in Poison Magic
  5455 | D:4      | Slain by an ice beast

Illustrated notes

Levels and vault maps discovered:
D:1:      erik_arrival_orb_chamber, layout_basic
D:2:      layout_loops_ring, kiku_gazebo_pond_becter, grunt_qazlal_clouds,
          uniq_natasha, uniq_robin, uniq_terence
D:3:      layout_basic, minmay_hedge_maze, uniq_ijyb
D:4:      layout_rooms, grunt_gozag_breadcrumbs,
          nicolae_ru_sacrificial_ziggurat, first_ration, uniq_blork_the_orc
D:5:      layout_loops_ring, minmay_temple_entry_drinking_statues,
          serial_undead, serial_undead_b, serial_undead_f, serial_undead_d,
          serial_undead_e, chequers_big_river, uniq_grinder, uniq_eustachio

Skill      XL: |  1  2  3  4  5  6  7 |
---------------+----------------------+-----
Fighting       | 1 2 |  2.7
Poison Magic   | 5 6 7 |  7.0
Spellcasting   | 3 4 |  4.4
Air Magic      | 1 2 |  2.0
Conjurations   | 1 2 |  2.3
Dodging        | |  1.5
Stealth        | |  3.0
Transmutations | |  1.0
Fire Magic     | |  0.9

Action                   |  1- 3 |  4- 6 |  7- 9 || total
-------------------------+-------+-------+-------++-------
Melee: Unarmed           |     7 |       |       ||     7
       Dagger            |    11 |       |       ||    11
       Short sword       |    19 |    81 |    68 ||   168
 Cast: Sting             |    43 |    91 |    15 ||   149
       Poisonous Vapours |       |     9 |     3 ||    12
       Mephitic Cloud    |       |       |     1 ||     1
       Ignite Poison     |       |       |     1 ||     1
 Abil: Spit Poison       |     2 |     3 |       ||     5
  Use: Scroll            |       |       |     6 ||     6
 Stab: Sleeping          |     1 |     3 |       ||     4
  Eat: Chunk             |     2 |     8 |     2 ||    12
Armor: Robe              |     9 |    47 |    41 ||    97
Dodge: Dodged            |    30 |    77 |    38 ||   145

Table legend:
 A = Non-vault XP
 B = Vault XP
 C = Vault XP percentage of total XP
 D = Non-vault monster count
 E = Vault monster count
 F = Vault count percentage of total count
                 A         B        C        D         E       F
            +---------+---------+-------+---------+---------+-------
      Total |     691 |     247 |  26.3 |      80 |      15 |  15.8
            +---------+---------+-------+---------+---------+-------
        D:1 |      49 |       0 |   0.0 |      19 |       0 |   0.0
        D:2 |     107 |      99 |  48.1 |      13 |      10 |  43.5
        D:3 |     240 |      35 |  12.7 |      28 |       1 |   3.4
        D:4 |     165 |      94 |  36.3 |      13 |       1 |   7.1
        D:5 |     130 |      19 |  12.8 |       7 |       3 |  30.0
            +---------+---------+-------+---------+---------+-------
